 Dungeon Crawl Stone Soup version 0.26-a0-658-gbdda728c12 (webtiles) character file.

Game seed: 5593557148073481655

1920 luopjiggy the Cleaver (level 9, -2/70 HPs)
             Began as a Hill Orc Fighter on Oct 5, 2020.
             Slain by a wight
             ... wielding a +0 scimitar
              (4 damage)
             ... on level 6 of the Dungeon.
             The game lasted 00:11:59 (7305 turns).

luopjiggy the Cleaver (Hill Orc Fighter)            Turns: 7305, Time: 00:12:00

Health: -2/70      AC: 10    Str: 19    XL:     9   Next: 17%
Magic:  9/9        EV:  4    Int:  8    God:
Gold:   259        SH:  8    Dex: 13    Spells: 8/8 levels left

rFire    . . .     SeeInvis .   r - +0 war axe
rCold    . . .     Faith    .   c - +0 kite shield
rNeg     . . .     Spirit   .   s - +0 chain mail
rPois    .         Reflect  .   (no helmet)
rElec    .         Harm     .   k - +0 cloak (curse)
rCorr    .         Rampage  .   (no gloves)
MR       .....                  n - +0 pair of boots
Stlth    ..........             (no amulet)
HPRegen  0.21/turn              (no ring)
MPRegen  0.11/turn              (no ring)

@: heavily drained
A: no striking features
a: no special abilities


You were on level 6 of the Dungeon.
You visited 1 branch of the dungeon, and saw 6 of its levels.

You collected 259 gold pieces.

Inventory:

Hand Weapons
 r - a +0 war axe (weapon)
Armour
 c - a +0 kite shield (worn)
 k - a cursed +0 cloak (worn)
 n - a +0 pair of boots (worn)
 s - a +0 chain mail (worn)
Jewellery
 j - an uncursed amulet of faith
Wands
 a - a wand of paralysis (9)
Scrolls
 e - 3 scrolls of amnesia
 g - 2 scrolls of remove curse
 i - a scroll of magic mapping
 m - a scroll of teleportation
 p - a scroll of fear
Potions
 b - a potion of flight {unknown}
 d - 3 potions of might
 f - a potion of resistance
 h - 2 potions of invisibility
 l - a potion of ambrosia {unknown}
 o - 2 potions of brilliance
 t - a potion of lignification {unknown}


   Skills:
 - Level 3.6(1.3) Fighting
 * Level 14.5(11.5) Axes
 - Level 3.2(1.0) Armour
 - Level 3.2(1.0) Shields


You had 8 spell levels left.
You didn't know any spells.
Your spell library was empty.

Dungeon Overview and Level Annotations

Branches:
Dungeon (6/15)             Temple (0/1) D:5

Altars:
Qazlal
Vehumet

Shops:
D:4 [


Message History

You slash the wight!
You destroy the wight!
You barely miss the wight. You block the wight's attack.
The wight hits you with a +0 scimitar.
* * * LOW HITPOINT WARNING * * *
Things that are here:
a +0 short sword; a +0 robe You barely miss the wight.
The wight is almost destroyed.
You closely miss the wight. The wight hits you with a +5 trident!
* * * LOW HITPOINT WARNING * * *
You feel drained.
* * * LOW HITPOINT WARNING * * *
The wight hits you with a +0 scimitar.
* * * LOW HITPOINT WARNING * * *
It was a potion of cancellation.
You feel magically purged. The wight hits you with a +5 trident.
* * * LOW HITPOINT WARNING * * *
You feel drained. The wight hits you with a +0 scimitar.
You die...

#### #####..####
###.........#
#.#......@z.# #
#.#.......z.#
...###....≈≈.....#
.#.?.....))#........
...####................
...#
##....###..........
...###.....#
####.#####.
...#.......# #...#
.......#.#.##......


You could see 2 wights.

Vanquished Creatures
  Grinder (D:3)
  Sigmund (D:2)
  A sky beast (D:6)
  An ice beast (D:5)
  An orc warrior (D:6)
  2 centaurs (D:5)
  A big kobold (D:5)
  3 bullfrogs
  A scorpion (D:5)
  3 wights (D:6)
  2 howler monkeys (D:5)
  A hound (D:4)
  3 orc priests
  2 orc wizards
  Jessica (D:3)
  A centaur skeleton (D:6)
  Natasha (thrice) (D:4)
  3 worker ants
  Robin (D:2)
  10 adders
  A shadow imp (D:5)
  An ooze (D:2)
  7 worms
  A dart slug (D:1)
  17 orcs
  9 bats
  4 giant cockroaches
  14 goblins
  6 hobgoblins
  4 jackals
  7 quokkas
  5 ball pythons (D:2)
  6 frilled lizards
  24 kobolds
  7 rats
155 creatures vanquished.

Vanquished Creatures (others)
  A kobold (D:5)
  3 fungi (D:2)
  74 plants (D:5)
78 creatures vanquished.

Grand Total: 233 creatures vanquished

Notes
Turn   | Place    | Note
-------+----------+-------------------------------------------
     0 | D:1      | luopjiggy the Hill Orc Fighter began the quest for the Orb.
     0 | D:1      | Reached XP level 1. HP: 19/19 MP: 1/1
   181 | D:1      | Reached skill level 3 in Axes
   310 | D:1      | Reached XP level 2. HP: 21/26 MP: 2/2
   414 | D:1      | Reached skill level 4 in Axes
  1045 | D:2      | Reached XP level 3. HP: 31/31 MP: 3/3
  1083 | D:2      | Noticed Sigmund
  1123 | D:2      | Killed Sigmund
  1123 | D:2      | Reached skill level 7 in Axes
  1123 | D:2      | Reached XP level 4. HP: 23/39 MP: 4/4
  1123 | D:2      | Reached XP level 5. HP: 27/45 MP: 5/5
  1921 | D:2      | Noticed Robin
  2043 | D:2      | Reached skill level 8 in Axes
  2203 | D:2      | Reached XP level 6. HP: 51/51 MP: 6/6
  2219 | D:2      | Killed Robin
  3042 | D:3      | Reached skill level 9 in Axes
  3390 | D:3      | Noticed Grinder
  3404 | D:3      | Killed Grinder
  3404 | D:3      | Reached skill level 10 in Axes
  3404 | D:3      | Reached XP level 7. HP: 16/57 MP: 7/7
  3700 | D:3      | Noticed Jessica
  3708 | D:3      | Killed Jessica
  4498 | D:4      | Found Nikuonub's Antique Armour Shoppe.
  4596 | D:4      | Noticed Natasha
  4606 | D:4      | Killed Natasha
  4882 | D:4      | Reached skill level 11 in Axes
  5096 | D:4      | Noticed Natasha
  5113 | D:4      | Killed Natasha
  5228 | D:4      | Noticed Natasha
  5232 | D:4      | Killed Natasha
  5260 | D:5      | Entered Level 5 of the Dungeon
  5260 | D:5      | Found a staircase to the Ecumenical Temple.
  5275 | D:5      | Reached XP level 8. HP: 37/64 MP: 8/8
  5282 | D:5      | Reached skill level 12 in Axes
  6233 | D:5      | Found a stormy altar of Qazlal.
  6269 | D:5      | Reached skill level 13 in Axes
  6299 | D:5      | Found a radiant altar of Vehumet.
  7140 | D:6      | Reached XP level 9. HP: 62/70 MP: 9/9
  7191 | D:6      | Reached skill level 14 in Axes
  7305 | D:6      | HP: 2/70 [wight/+5 trident (5)]
  7305 | D:6      | Slain by a wight

Illustrated notes

Levels and vault maps discovered:
D:1:      lightli_arrival_farm, layout_loops_corners
D:2:      wad_crossroads, layout_basic, grunt_decor_one_mirror,
          hangedman_abyss_or_decor_lesser_grid, minmay_tree_intersection,
          minmay_shallow_snake_nest, uniq_sigmund, uniq_robin
D:3:      wander_river, layout_basic, corexii_hall_statues_deadend,
          uniq_grinder, uniq_jessica
D:4:      layout_loops_corners, serial_shops, nicolae_shop_waterfront,
          grunt_decor_arrowhead, uniq_natasha
D:5:      kennysheep_kobold_camp, layout_rooms, old_standard_altar,
          grunt_qazlal_clouds, minmay_temple_entry_statues_pillars, st_stairs_13
D:6:      layout_rooms, lemuel_round_altar, chequers_serial_rivers_small_b

Skill      XL: |  1  2  3  4  5  6  7  8  9 |
---------------+----------------------------+-----
Axes           | 3 4 7 8 10 11 13 14 | 14.5
Fighting       | |  3.6
Armour         | |  3.2
Shields        | |  3.2

Action                   |  1- 3 |  4- 6 |  7- 9 || total
-------------------------+-------+-------+-------++-------
Melee: War axe           |    52 |   148 |   295 ||   495
Evoke: Wand              |       |       |     1 ||     1
  Use: Scroll            |     4 |     3 |     5 ||    12
       Potion            |     1 |     1 |     1 ||     3
 Stab: Invisible         |     2 |       |       ||     2
       Paralysed         |       |       |     1 ||     1
Armor: Scale mail        |    23 |    62 |    63 ||   148
       Chain mail        |       |       |    62 ||    62
Dodge: Dodged            |    23 |    43 |    68 ||   134
Block: Kite shield       |    26 |    70 |   117 ||   213

Table legend: (Time is in decaauts)
 A = Elapsed time spent in this place.
 B = Non-inter-level travel time spent in this place.
 C = Inter-level travel time spent in this place.
 D = Time resting spent in this place.
 E = Time spent auto-exploring this place.
 F = Levels seen in this place.
 G = Mean time per level.
                   A        B        C        D        E       F      G
               +--------+--------+--------+--------+--------+-----+--------+
         Total |   7405 |   7249 |    156 |   2547 |   3550 |   6 | 1234.2 |
       Dungeon |   7405 |   7249 |    156 |   2547 |   3550 |   6 | 1234.2 |
               +--------+--------+--------+--------+--------+-----+--------+

Top non-repeatable levels by time:
     D:2: 1796 daAuts
     D:3: 1492 daAuts
     D:4: 1442 daAuts
     D:5: 1308 daAuts
     D:1: 1128 daAuts
     D:6: 237 daAuts
